 Dungeon Crawl Stone Soup version 0.31-a0-968-g24f9ace8b5 (webtiles) character file.

Game seed: 14727051812420961768

6143 dr0g0th the Basher (level 10, -2/64 HPs)
             Began as a Gargoyle Fighter on Oct 27, 2023.
             Was a High Priest of Okawaru.
             Slain by a wraith (7 damage)
             ... led by Josephine
             ... on level 10 of the Dungeon.
             The game lasted 00:18:23 (7773 turns).

dr0g0th the Basher (Gargoyle Fighter)               Turns: 7773, Time: 00:18:24

Health: -2/64      AC: 36    Str: 24    XL:     10   Next: 90%
Magic:  10/10      EV: 13    Int: 11    God:    Okawaru [*****.]
Gold:   85         SH:  5    Dex: 12    Spells: 9/9 levels left

rFire   . . .        j - +3 flail (freeze)
rCold   + . .        c - +0 buckler
rNeg    + . .        p - +4 plate armour of Inaction {rC+ Int+2 Dex+3}
rPois   ∞            q - +0 helmet
rElec   +            n - +1 cloak
rCorr   .            (no gloves)
SInv    .            (no boots)
Will    +....        (no amulet) Stlth
                     h - +5 ring of evasion
HPRegen 0.30/turn    g - ring of the Tortoise {AC+8}
MPRegen 0.12/turn

%: no passive effects
@: enlightened, flying, slowed, very slow
A: sickness immunity, AC +7, negative energy resistance 1, electricity
resistance, torment resistance 1, petrification resistance
a: Renounce Religion, Heroism, Finesse, Duel


You were on level 10 of the Dungeon.
You worshipped Okawaru.
Okawaru was extremely pleased with you.
You visited 2 branches of the dungeon, and saw 11 of its levels.

You collected 481 gold pieces.
You spent 396 gold pieces at shops.

Inventory:

Hand Weapons
 d - a +1 whip of holy wrath
 j - a +3 flail of freezing (weapon)
 y - a +3 morningstar
 A - the +9 long sword "Ahit" {elec, Fragile rElec rC+}
   (You found it on level 9 of the Dungeon)

   rC+:       It protects you from cold.
   rElec:     It insulates you from electricity.
   Fragile:   It will be destroyed if unequipped.
Missiles
 w - a throwing net
Armour
 c - a +0 buckler (worn)
 f - the +2 robe "Naddeik" {rPois Int+8}
   (You found it on level 5 of the Dungeon)

   Int+8:     It affects your intelligence (+8).
   rPois:     It protects you from poison
 n - a +1 cloak (worn)
 p - the +4 plate armour of Inaction (worn) {rC+ Int+2 Dex+3}
   (You found it on level 6 of the Dungeon)

   Int+2:     It affects your intelligence (+2).
   Dex+3:     It affects your dexterity (+3).
   rC+:       It protects you from cold.
 q - a +0 helmet (worn)
Jewellery
 b - a +6 ring of intelligence
 g - the ring of the Tortoise (right hand) {AC+8}
   (You found it on level 7 of the Dungeon)

   [ring of protection]

   AC+8:      It affects your AC (+8).
 h - a +5 ring of evasion (left hand)
 i - a ring of see invisible
 t - a +4 ring of protection
 v - a ring of protection from fire
Wands
 a - a wand of roots (18)
 k - a wand of mindburst (11)
Scrolls
 e - 4 scrolls of identify
 l - 2 scrolls of enchant armour
 m - 3 scrolls of butterflies
 r - a scroll of vulnerability
Potions
 o - 2 potions of curing
 s - 4 potions of degeneration
 x - 2 potions of lignification


   Skills:
 + Level 7.8 Fighting
 + Level 11.2 Maces & Flails
 + Level 8.3 Armour
 + Level 3.0 Dodging
 + Level 0.2 Stealth
 + Level 7.2 Shields
 + Level 0.5 Invocations


You had 9 spell levels left.
You didn't know any spells.
Your spell library contained the following spells:

 Spells                   Type           Power      Damage    Failure   Level
 Poisonous Vapours        Pois/Air       0%         N/A       100%        2
 Mephitic Cloud           Conj/Pois/Air  0%         N/A       100%        3
 Dimensional Bullseye     Hex/Tloc       0%         N/A       100%        4
 Iskenderun's Mystic Bla  Conj/Tloc      0%         2d3       100%        4
 Leda's Liquefaction      Hex/Erth       0%         N/A       100%        4
 Passage of Golubria      Tloc           0%         N/A       100%        4
 Freezing Cloud           Conj/Ice/Air   0%         6-21      100%        5
 Lee's Rapid Deconstruct  Erth           0%         3d4*      100%        5
 Yara's Violent Unravell  Hex/Tmut       0%         3d3       100%        5
 Bombard                  Conj/Erth      0%         9d1       100%        6
 Tukima's Dance           Hex            Unusable   N/A       N/A         3

Dungeon Overview and Level Annotations

Branches:
Dungeon (10/15)            Temple (1/1) D:4
   Lair: D:8-11         Orc: D:9-12

Altars:
Ashenzari
Cheibriados
Dithmenos
Elyvilon
Fedhas
Gozag
Hepliaklqana
Kikubaaqudgha
Makhleb
Nemelex Xobeh
Okawaru
Qazlal
Ru
Sif Muna
Trog
Uskayaw
Vehumet
Wu Jian
Xom
Yredelemnul
Zin
The Shining One

Shops:
D:1 (   D:6 *   D:8 (   D:9 [:[=:

Annotations:
D:8 2 transporters, Jadoobi's ghost, journeyman MiBe


Innate Abilities, Weirdness & Mutations

You are immune to sickness and miasma.
Your stone body is resilient. (AC +7)
You are immune to poison.
You resist negative energy. (rN+)
You are resistant to electric shocks. (rElec)
You are resistant to unholy torment.
You are immune to petrification.


Message History

The wraith hits you but does no damage. The wraith completely misses you.
The wraith hits you.
* * * LOW HITPOINT WARNING * * *
The wraith hits you but does no damage.
Unknown command.
You barely miss the wraith.
The wraith is heavily damaged.
You block the wraith's attack. The wraith closely misses you.
Unknown command.
You completely miss the wraith.
The wraith is heavily damaged.
You block the wraith's attack. The wraith hits you but does no damage.
You sock the wraith! You freeze the wraith.
The wraith is almost destroyed.
The wraith hits you but does no damage. The wraith closely misses you.
You hit the wraith.
You destroy the wraith!
Okawaru accepts your kill.
The wraith hits you but does no damage. x2
Your Dodging skill increases to level 3!
You hit the wraith but do no damage. You block the wraith's attack.
You sock the wraith!
The wraith is moderately damaged.
The wraith hits you but does no damage.
You hit the wraith but do no damage.
The wraith is moderately damaged.
The wraith barely misses you.
You barely miss the wraith.
The wraith is moderately damaged.
The wraith hits you but does no damage. The wraith closely misses you.
You closely miss the wraith.
The wraith is moderately damaged.
The wraith hits you but does no damage.
You hit the wraith.
The wraith is moderately damaged.
The wraith hits you but does no damage.
You hit the wraith but do no damage.
The wraith is moderately damaged.
The wraith hits you but does no damage. The wraith hits you!
You die...

..)....#.##..#
....)....##).#
.###.#.####.)#########
.###...##.)..........#
.#....###............#
.....####............###
...................../..
....#####...#....)...#
................@....#
....#########....W...#
....# #........# ....#
#........... ....#
####.###.### ....# #.#
.# ... # #...


You could see a wraith.

Vanquished Creatures
  Josephine (D:10)
  A two-headed ogre (D:9)
  Maurice (D:9)
  A troll (D:9)
  A wyvern (D:7)
  3 wraiths (D:10)
  A vampire (D:9)
  2 water moccasins
  3 orc warriors
  A sky beast (D:6)
  2 black bears
  An ogre (D:5)
  2 centaurs
  A phantom (D:6)
  5 kobold brigands
  3 bullfrogs
  4 scorpions
  13 wights
  2 howler monkeys (D:8)
  An electric eel (D:10)
  A hound (D:6)
  3 jellies
  3 orc priests
  2 gnoll boudas (D:8)
  Ijyb (D:4)
  4 orc wizards
  A sleepcap (D:3)
  3 iguanas
  Terence (D:2)
  12 adders
  14 gnolls
  4 ufetubi
  3 worms
  A dart slug (D:5)
  26 orcs
  7 endoplasms
  9 giant cockroaches
  16 goblins
  13 hobgoblins
  6 jackals
  42 kobolds
  2 quokkas
  A ball python (D:3)
  6 bats
  8 rats
238 creatures vanquished.

Notes
Turn   | Place    | Note
-------+----------+-------------------------------------------
     0 | D:1      | dr0g0th the Gargoyle Fighter began the quest for the Orb.
     0 | D:1      | Reached XP level 1. HP: 14/14 MP: 1/1
    79 | D:1      | Reached XP level 2. HP: 19/19 MP: 2/2
   242 | D:1      | Found Ratidooc's Antique Weapon Shoppe.
   354 | D:1      | Reached XP level 3. HP: 23/23 MP: 3/3
   864 | D:2      | Noticed Terence
   876 | D:3      | Found a white marble altar of Elyvilon.
   973 | D:3      | Reached XP level 4. HP: 28/28 MP: 4/4
  1164 | D:3      | Reached skill level 3 in Maces & Flails
  1624 | D:2      | Killed Terence
  1745 | D:2      | Found a faded altar of an unknown god.
  1758 | D:2      | Reached XP level 5. HP: 33/33 MP: 5/5
  2035 | D:3      | Reached skill level 1 in Dodging
  2094 | D:3      | Found a sparkling altar of Nemelex Xobeh.
  2386 | D:4      | Noticed Ijyb
  2399 | D:4      | Killed Ijyb
  2448 | D:4      | Found a staircase to the Ecumenical Temple.
  2469 | D:4      | Reached skill level 4 in Maces & Flails
  2469 | D:4      | Reached XP level 6. HP: 31/38 MP: 6/6
  2476 | Temple   | Entered the Ecumenical Temple
  2485 | Temple   | Became a worshipper of Warmaster Okawaru
  3285 | D:5      | Entered Level 5 of the Dungeon
  3335 | D:5      | Reached skill level 5 in Maces & Flails
  3347 | D:5      | Reached XP level 7. HP: 25/44 MP: 7/7
  3439 | D:5      | Reached * piety under Okawaru
  3660 | D:5      | Identified the +2 robe "Naddeik" {rPois Int+8}
  3686 | D:5      | Reached skill level 6 in Maces & Flails
  4050 | D:6      | Reached ** piety under Okawaru
  4051 | D:6      | Reached skill level 5 in Armour
  4051 | D:6      | Reached XP level 8. HP: 42/48 MP: 8/8
  4221 | D:6      | Found an opulent altar of Gozag.
  4282 | D:6      | Reached skill level 5 in Fighting
  4282 | D:6      | Reached skill level 5 in Shields
  4306 | D:6      | Identified the +4 plate armour of Inaction {rC+ Int+2
                  | Dex+3}
  4381 | D:6      | Reached skill level 7 in Maces & Flails
  4469 | D:6      | Found Gualolor's General Store.
  5022 | D:7      | Noticed a wyvern
  5033 | D:7      | Killed a wyvern
  5033 | D:7      | Reached *** piety under Okawaru
  5075 | D:7      | Reached skill level 8 in Maces & Flails
  5168 | D:7      | Reached XP level 9. HP: 37/54 MP: 9/9
  5525 | D:7      | Found the ring of the Tortoise {AC+8}
  5590 | D:7      | Found a radiant altar of Vehumet.
  5591 | D:7      | Found an ancient bone altar of Kikubaaqudgha.
  5669 | D:8      | Found a transporter.
  5699 | D:8      | Found a transporter.
  5809 | D:8      | Reached **** piety under Okawaru
  5826 | D:8      | Reached skill level 9 in Maces & Flails
  6068 | D:8      | Found Beeki's Weapon Shoppe.
  6112 | D:8      | Noticed Jadoobi's ghost (journeyman MiBe)
  6143 | D:8      | Found an ornate altar of the Wu Jian Council.
  6365 | D:8      | Found a sacrificial altar of Ru.
  6693 | D:9      | Noticed a troll
  6693 | D:9      | Found Luaneuno's Antique Armour Boutique.
  6700 | D:9      | Killed a troll
  6735 | D:9      | Reached XP level 10. HP: 44/61 MP: 10/10
  6840 | D:9      | Found a hide-covered altar of Uskayaw.
  6862 | D:9      | Identified the +9 long sword "Ahit" {elec, Fragile rElec
                  | rC+}
  6868 | D:9      | Noticed Maurice
  6907 | D:9      | Something stole a +3 morningstar
  6922 | D:9      | Found Qotorch's Book Emporium.
  6941 | D:9      | Killed Maurice
  6942 | D:9      | Reached skill level 10 in Maces & Flails
  6997 | D:9      | Bought a book of the Earth for 396 gold pieces
  7152 | D:9      | Found Qimpaima's Armour Boutique.
  7158 | D:9      | Noticed a two-headed ogre
  7169 | D:9      | Killed a two-headed ogre
  7239 | D:9      | Found Tubral's Book Boutique.
  7294 | D:9      | Found Nuethref's Jewellery Emporium.
  7516 | D:10     | Entered Level 10 of the Dungeon
  7590 | D:10     | Reached ***** piety under Okawaru
  7743 | D:10     | Noticed Josephine
  7760 | D:10     | Killed Josephine
  7761 | D:10     | Reached skill level 11 in Maces & Flails
  7762 | D:10     | HP: 1/64 [wraith[Josephine] (4)]
  7773 | D:10     | Slain by a wraith

Illustrated notes

Levels and vault maps discovered:
D:1:      nzn_arrival_settlement, layout_basic, serial_shops,
          nicolae_shop_just_a_little_nook
D:2:      layout_loops_corners, hellmonk_ecumenical_altar_zigzags, uniq_terence
D:3:      layout_basic, elyvilon_altar_4, nemelex_diamond_rough_becter,
          hangedman_abyss_or_decor_lesser_grid
D:4:      layout_basic, minmay_temple_entry_statues_fountains,
          kennysheep_generic_room_5, uniq_ijyb
D:5:      layout_cave_pools, serial_column_ruins, column_ruins_columns_dead_end,
          column_ruins_open_medium, column_ruins_grid_3,
          kennysheep_generic_room_11
D:6:      corexii_shantytown, layout_basic, nicolae_gozag_seed_capital,
          serial_shops, kennysheep_mini
D:7:      layout_cave_pools, mainiacjoe_overflow_divided_tiny
D:8:      layout_loops_corners, mainiacjoe_overflow_catwalk,
          lemuel_crystal_altar, gammafunk_ghost_stat_death, serial_shops, shop,
          hex_medium
D:9:      layout_long_grid, eat_drink_and_be_merry_uskayaw, serial_shops, shop,
          shop, nicolae_square_shop, shop_statue, shop, uniq_maurice
D:10:     layout_basic, erik_orc_2, uniq_gastronok, uniq_josephine, uniq_fannar
Temple:   eino_temple_lava

Skill      XL: |  1  2  3  4  5  6  7  8  9 10 |
---------------+-------------------------------+-----
Shields        | 4 5 6 7 |  7.2
Maces & Flails | 3 4 5 6 8 9 11 | 11.2
Dodging        | 1 2 3 |  3.0
Armour         | 4 5 7 8 |  8.3
Fighting       | 4 5 6 7 |  7.8
Stealth        | |  0.2
Invocations    | |  0.5

Action                     |  1- 3 |  4- 6 |  7- 9 | 10-12 || total
---------------------------+-------+-------+-------+-------++-------
  Melee: Flail             |   136 |   181 |   422 |   174 ||   913
 Invoke: Heroism           |       |       |       |     4 ||     4
    Use: Scroll            |     2 |     5 |     4 |     2 ||    13
         Potion            |       |     7 |     1 |     2 ||    10
 Armour: Scale mail        |    73 |    15 |       |       ||    88
         Chain mail        |       |    88 |   145 |       ||   233
         Plate armour      |       |       |   251 |   160 ||   411
  Dodge: Dodged            |   106 |   107 |   381 |   127 ||   721
  Block: Buckler           |    42 |    39 |   126 |    52 ||   259

Table legend: (Time is in decaauts)
 A = Elapsed time spent in this place.
 B = Non-inter-level travel time spent in this place.
 C = Inter-level travel time spent in this place.
 D = Time resting spent in this place.
 E = Time spent auto-exploring this place.
 F = Levels seen in this place.
 G = Mean time per level.
                   A        B        C        D        E       F      G
               +--------+--------+--------+--------+--------+-----+--------+
         Total |   8001 |   7768 |    233 |    403 |   5461 |  11 |  727.4 |
       Dungeon |   7982 |   7758 |    224 |    403 |   5461 |  10 |  798.2 |
        Temple |     18 |      9 |      9 |      0 |      0 |   1 |   18.0 |
               +--------+--------+--------+--------+--------+-----+--------+

Top non-repeatable levels by time:
     D:6: 1269 daAuts
     D:8: 1047 daAuts
     D:2: 996 daAuts
     D:4: 932 daAuts
     D:9: 792 daAuts
     D:3: 732 daAuts
     D:5: 719 daAuts
     D:1: 686 daAuts
     D:7: 532 daAuts
    D:10: 273 daAuts
  Temple: 18 daAuts
